 Dungeon Crawl Stone Soup version 0.30-a0-953-g5f1da4a474 (webtiles) character file.

Game seed: 7627977930651371132

3101 BlueFish the Covert (level 9, -10/59 HPs)
             Began as an Octopode Warper on Mar 28, 2023.
             Was a Believer of Cheibriados.
             Mangled by a two-headed ogre
             ... wielding a +0 giant club
              (33 damage)
             ... on level 9 of the Dungeon.
             The game lasted 00:16:38 (6794 turns).

BlueFish the Covert (Octopode Warper)               Turns: 6794, Time: 00:16:38

Health: -10/59     AC:  1    Str: 18    XL:     9   Next: 90%
Magic:  7/15       EV: 24    Int: 20    God:    Cheibriados [**....]
Gold:   340        SH:  4    Dex: 15    Spells: 9/16 levels left

rFire   . . .      SeeInvis .    a - +1 whip (elec)
rCold   . . .      Faith    .    K - +0 buckler
rNeg    + . .      Spirit   .    (helmet restricted)
rPois   .          Reflect  .    w - amulet of regeneration
rElec   .          Rampage  .    u - ring of positive energy
rCorr   .                        C - +5 ring of evasion
Will    .....                    L - +5 ring of evasion
Stlth   +++++                    (no ring)
HPRegen 1.09/turn                (no ring)
MPRegen 0.14/turn                (no ring)
                                 (no ring)
                                 (no ring)

@: about to teleport, very slow
A: almost no armour, amphibious, 8 rings, camouflage 1, gelatinous body 1,
(nimble swimmer 1), tentacles
a: Renounce Religion, Bend Time


You were on level 9 of the Dungeon.
You worshipped Cheibriados.
Cheibriados was pleased with you.
You visited 2 branches of the dungeon, and saw 10 of its levels.

You collected 340 gold pieces.

Inventory:

Hand Weapons
 a - a +1 whip of electrocution (weapon)
 b - a +4 mace
 d - a +0 whip
 j - a +0 flail
 I - the +9 mace "Kibbuybb" {heavy, Fly rC+++ Dex-5 Stlth-}
   (You took it off an orc on level 6 of the Dungeon)

   Dex:       It affects your dexterity (-5).
   rC:        It renders you almost immune to cold.
   Fly:       It grants you flight.
   Stlth:     It makes you less stealthy.
Missiles
 c - 3 boomerangs
 f - 64 stones (quivered)
 x - 3 atropa-tipped darts
 F - 3 silver javelins
 H - 7 boomerangs of dispersal
 M - 5 poisoned darts
Armour
 K - a +0 buckler (worn)
Jewellery
 u - a ring of positive energy (left tentacle)
 w - an amulet of regeneration (around mantle)
 C - a +5 ring of evasion (right tentacle)
 E - an amulet of faith
 L - a +5 ring of evasion (on tentacle)
Wands
 B - a wand of iceblast (4)
Scrolls
 h - a scroll of vulnerability
 i - a scroll of blinking
 k - 2 scrolls of noise
 l - a scroll of enchant armour
 o - 8 scrolls of teleportation
 r - a scroll of torment {unknown}
 t - 2 scrolls of fog
 y - a scroll of summoning {unknown}
 z - a scroll of enchant weapon
 A - a scroll of immolation {unknown}
 G - a scroll of magic mapping {unknown}
Potions
 e - a potion of resistance
 g - 3 potions of brilliance
 m - a potion of ambrosia
 n - a potion of mutation {unknown}
 p - 6 potions of curing
 q - 2 potions of heal wounds
 s - 4 potions of attraction
 D - 2 potions of flight
 J - a potion of degeneration {unknown}


   Skills:
 + Level 4.6 Fighting
 + Level 4.0 Maces & Flails
 + Level 4.3 Throwing
 + Level 4.8 Dodging
 * Level 8.7 Stealth
 + Level 2.2 Shields
 - Level 2.0 Unarmed Combat
 + Level 4.3 Spellcasting
 + Level 5.2 Translocations
 + Level 3.4 Invocations
 + Level 3.5 Evocations


You had 9 spell levels left.
You knew the following spells:

 Your Spells              Type           Power      Damage    Failure   Level
a - Blink                 Tloc           50%        N/A       2%          2
b - Lesser Beckoning      Tloc           50%        N/A       2%          2
c - Teleport Other        Tloc           25%        N/A       5%          3

Your spell library contained the following spells:

 Spells                   Type           Power      Damage    Failure   Level
 Vhi's Electric Charge    Tloc/Air       28%        N/A       17%         3
 Manifold Assault         Tloc           25%        N/A       19%         4
 Static Discharge         Conj/Air       8%         2-3/arc   24%         2
 Hailstorm                Conj/Ice       4%         3d4       43%         3
 Inner Flame              Hex/Fire       4%         N/A       43%         3
 Flame Wave               Conj/Fire      4%         2d5       85%         4
 Ice Form                 Ice/Tmut       4%         N/A       85%         4
 Sticky Flame             Conj/Fire      4%         2d3       85%         4
 Arcjolt                  Conj/Air       2%         1d12      99%         5
 Plasma Beam              Fire/Air       2%         2x1d8     99%         5
 Simulacrum               Ice/Necr       2%         N/A       100%        6


Dungeon Overview and Level Annotations

Branches:
Dungeon (9/15)             Temple (1/1) D:5
   Lair: D:8-11         Orc: D:9-12

Altars:
Ashenzari
Cheibriados
Dithmenos
Elyvilon
Fedhas
Gozag
Hepliaklqana
Kikubaaqudgha
Makhleb
Nemelex Xobeh
Okawaru
Qazlal
Ru
Sif Muna
Trog
Uskayaw
Vehumet
Wu Jian
Xom
Yredelemnul
Zin
The Shining One

Shops:
D:1 (


Innate Abilities, Weirdness & Mutations

You cannot wear most types of armour.
You are amphibious.
You can wear up to eight rings at the same time.
Your skin changes colour to match your surroundings (Stealth+).
Your rubbery body absorbs attacks. (AC +1, EV +1)
((You are camouflaged when in or above water. (Stealth+)))
You have tentacles for arms and can constrict up to eight enemies at once.


Message History

Throw: 7 darts (atropa)
Press: ? - help, Shift-Dir - straight line, f/p - two-headed ogre
Aim: a two-headed ogre, wielding a +0 giant club and a +0 giant spiked club (77% to hit, chance to blind on hit: 35%)
You throw an atropa-tipped dart.
The atropa-tipped dart hits the two-headed ogre.
The two-headed ogre resists.
Throw: 6 darts (atropa)
Press: ? - help, Shift-Dir - straight line, f/p - two-headed ogre
Aim: a two-headed ogre, wielding a +0 giant club and a +0 giant spiked club (77% to hit, chance to blind on hit: 35%)
You throw an atropa-tipped dart.
The atropa-tipped dart closely misses the two-headed ogre.
Throw: 5 darts (atropa)
Press: ? - help, Shift-Dir - straight line, f/p - two-headed ogre
Aim: a two-headed ogre, wielding a +0 giant club and a +0 giant spiked club (77% to hit, chance to blind on hit: 35%)
You throw an atropa-tipped dart.
The atropa-tipped dart hits the two-headed ogre!
The two-headed ogre resists.
Throw: 4 darts (atropa)
Press: ? - help, Shift-Dir - straight line, f/p - two-headed ogre
Aim: a two-headed ogre, wielding a +0 giant club and a +0 giant spiked club (77% to hit, chance to blind on hit: 35%)
You throw an atropa-tipped dart.
The atropa-tipped dart closely misses the two-headed ogre.
The atropa-tipped dart completely misses the boulder beetle.
You feel stable enough to blink again.
The boulder beetle is no longer blind.
Okay, then.
Casting: Blink (safe; 2% risk of failure)
Confirm with . or Enter, or press ? or * to list all spells.
You blink.
As you read the scroll of teleportation, it crumbles to dust.
You feel strangely unstable.
The boulder beetle leaps!
The flow of time bends around you.
Cheibriados rebukes the two-headed ogre.
The two-headed ogre seems to slow down.
Cheibriados lowers the support of your attributes as your movement quickens.
You feel stable enough to blink again. The two-headed ogre barely misses you.
The two-headed ogre hits you with a +0 giant spiked club!!
Ouch! That really hurt!
You die...

######################
......................
#.........##..#.......
#.............#...###.
......................
#############'##########
........ยง.O@.......
...................
######..(..........
..............B...
>......((#.....#..
.....###(#.###.# #
.........#.. .#
).....#..)..# . ..###
#.###)#


You could see a boulder beetle and a two-headed ogre (slow).

Vanquished Creatures
  2 hornets (D:8)
  Sigmund (D:2)
  2 sky beasts
  An ice beast (D:7)
  A black bear (D:6)
  3 orc warriors
  3 ogres
  A centaur (D:9)
  A phantom (D:4)
  A kobold brigand (D:8)
  4 bullfrogs
  8 wights
  7 killer bees (D:8)
  A howler monkey (D:9)
  2 hounds
  A jelly (D:6)
  Ijyb (D:4)
  A sleepcap (D:4)
  3 orc wizards
  2 iguanas
  A gnoll (D:1)
  3 adders
  A shadow imp (D:5)
  3 white imps
  5 dart slugs
  19 orcs
  6 endoplasms
  2 giant cockroaches
  10 goblins
  2 hobgoblins
  4 quokkas
  2 ball pythons
  10 bats
  3 frilled lizards
  11 kobolds
  7 rats
  A spectral kobold (D:2)
  A bush (D:1)
137 creatures vanquished.

Vanquished Creatures (others)
  An orc wizard (D:8)
1 creature vanquished.

Grand Total: 138 creatures vanquished

Notes
Turn   | Place    | Note
-------+----------+-------------------------------------------
     0 | D:1      | BlueFish the Octopode Warper began the quest for the Orb.
     0 | D:1      | Reached XP level 1. HP: 14/14 MP: 3/3
    30 | D:1      | Found Nechon's Antique Weapon Emporium.
   147 | D:1      | Reached skill level 1 in Stealth
   162 | D:1      | Reached XP level 2. HP: 16/19 MP: 5/5
   340 | D:1      | Learned a level 2 spell: Blink
   343 | D:1      | Learned a level 2 spell: Lesser Beckoning
   349 | D:1      | Reached XP level 3. HP: 24/24 MP: 6/6
   372 | D:1      | Reached skill level 2 in Stealth
  1003 | D:2      | Reached skill level 1 in Maces & Flails
  1008 | D:2      | Found a glowing silver altar of Zin.
  1135 | D:2      | Reached XP level 4. HP: 30/30 MP: 7/7
  1141 | D:2      | Learned a level 3 spell: Teleport Other
  1163 | D:2      | Found a faded altar of an unknown god.
  1364 | D:2      | Noticed Sigmund
  1371 | D:2      | Killed Sigmund
  1372 | D:2      | Reached skill level 3 in Stealth
  1372 | D:2      | Reached XP level 5. HP: 17/35 MP: 8/8
  1972 | D:3      | Reached XP level 6. HP: 41/41 MP: 9/9
  2505 | D:3      | Reached skill level 4 in Stealth
  2852 | D:4      | Noticed Ijyb
  2859 | D:4      | Reached XP level 7. HP: 39/46 MP: 11/11
  2867 | D:4      | Killed Ijyb
  3099 | D:5      | Entered Level 5 of the Dungeon
  3120 | D:5      | Found a staircase to the Ecumenical Temple.
  3127 | Temple   | Entered the Ecumenical Temple
  3165 | Temple   | Became a worshipper of Cheibriados the Contemplative
  3444 | D:5      | Reached skill level 5 in Stealth
  4035 | D:6      | Reached skill level 1 in Invocations
  4035 | D:6      | Reached skill level 1 in Evocations
  4043 | D:6      | Reached XP level 8. HP: 50/52 MP: 11/13
  4204 | D:6      | Reached skill level 6 in Stealth
  4209 | D:6      | HP: 2/52 [black bear (7)]
  4336 | D:6      | Identified the +9 mace "Kibbuybb" {heavy, Fly rC+++ Dex-5
                  | Stlth-}
  4515 | D:6      | Reached * piety under Cheibriados
  5095 | D:7      | Reached skill level 7 in Stealth
  5257 | D:7      | Reached XP level 9. HP: 58/58 MP: 11/14
  5408 | D:7      | Reached skill level 1 in Shields
  5775 | D:8      | Noticed a hornet
  5775 | D:8      | Noticed a hornet
  5775 | D:8      | Found an ornate altar of the Wu Jian Council.
  5938 | D:8      | Killed a hornet
  5939 | D:8      | Reached skill level 8 in Stealth
  5939 | D:8      | Reached skill level 5 in Translocations
  6214 | D:8      | Killed a hornet
  6214 | D:8      | Reached ** piety under Cheibriados
  6375 | D:8      | Found a sparkling altar of Nemelex Xobeh.
  6379 | D:8      | Found a sacrificial altar of Ru.
  6380 | D:8      | Found a glowing golden altar of the Shining One.
  6398 | D:8      | Found a glowing silver altar of Zin.
  6402 | D:8      | Found a white marble altar of Elyvilon.
  6768 | D:9      | Noticed a two-headed ogre
  6770 | D:9      | Noticed a boulder beetle
  6794 | D:9      | Mangled by a two-headed ogre

Illustrated notes

Levels and vault maps discovered:
D:1:      onia_arrival_pyramid, layout_basic, serial_shops, shop_statue,
          minmay_hedge_maze, minmay_misc_feat_rows
D:2:      layout_basic, basic_altar, dreamdust_ecumenical_altar_drowned_temple,
          kennysheep_crisscross, uniq_sigmund
D:3:      layout_basic
D:4:      layout_rooms, uniq_ijyb
D:5:      layout_loops_cross, minmay_temple_entry_trees
D:6:      layout_basic, serial_corexii_hall, corexii_hall_statues_x,
          chequers_hall_statues_wall_a, corexii_hall_statues_t,
          corexii_hall_statues_x
D:7:      layout_rooms
D:8:      layout_basic, minitemple
D:9:      hangedman_cross_stitches, layout_stronghold, hellmonk_lair_entry_icy
Temple:   nicolae_temple_elliptical

Skill      XL: |  1  2  3  4  5  6  7  8  9 |
---------------+----------------------------+-----
Stealth        | 1 2 3 4 5 7 8 |  8.7
Maces & Flails | 1 2 3 4 |  4.0
Throwing       | 2 3 4 |  4.3
Dodging        | 3 4 |  4.8
Fighting       | 3 4 |  4.6
Spellcasting   | 3 4 |  4.3
Translocations | 4 5 |  5.2
Invocations    | 1 2 3 |  3.4
Evocations     | 1 2 3 |  3.5
Shields        | 2 |  2.2
Unarmed Combat | |  2.0

Action                     |  1- 3 |  4- 6 |  7- 9 || total
---------------------------+-------+-------+-------++-------
  Melee: Whip              |    88 |    82 |   273 ||   443
         Tentacles         |    20 |    11 |    84 ||   115
         Constrict         |    15 |    12 |    49 ||    76
         Unarmed           |     1 |       |       ||     1
         Punch             |     1 |     3 |     7 ||    11
         Mace              |       |       |     8 ||     8
  Throw: Dart              |       |     1 |    20 ||    21
         Stone             |       |       |    19 ||    19
   Cast: Lesser Beckoning  |       |       |     7 ||     7
         Blink             |       |       |     3 ||     3
 Invoke: Bend Time         |       |       |     4 ||     4
    Use: Scroll            |     3 |     3 |     9 ||    15
         Potion            |       |       |     1 ||     1
   Stab: Sleeping          |     6 |    11 |     4 ||    21
         Distracted        |       |     2 |       ||     2
         Invisible         |       |     1 |     7 ||     8
 Armour: Skin              |     7 |     5 |     3 ||    15
  Dodge: Dodged            |    53 |    37 |   189 ||   279
  Block: Buckler           |       |       |    30 ||    30

Table legend: (Time is in decaauts)
 A = Elapsed time spent in this place.
 B = Non-inter-level travel time spent in this place.
 C = Inter-level travel time spent in this place.
 D = Time resting spent in this place.
 E = Time spent auto-exploring this place.
 F = Levels seen in this place.
 G = Mean time per level.
                   A        B        C        D        E       F      G
               +--------+--------+--------+--------+--------+-----+--------+
         Total |   7766 |   7420 |    346 |     13 |   5929 |  10 |  776.6 |
       Dungeon |   7562 |   7244 |    318 |     13 |   5775 |   9 |  840.2 |
        Temple |    203 |    176 |     27 |      0 |    153 |   1 |  203.0 |
               +--------+--------+--------+--------+--------+-----+--------+

Top non-repeatable levels by time:
     D:6: 1323 daAuts
     D:8: 1152 daAuts
     D:7: 1016 daAuts
     D:1: 982 daAuts
     D:5: 868 daAuts
     D:2: 848 daAuts
     D:3: 761 daAuts
     D:4: 511 daAuts
  Temple: 203 daAuts
     D:9: 96 daAuts
